 Dungeon Crawl Stone Soup version 0.31-a0-986-g5e6e4ef867 (webtiles) character file.

Game seed: 1063546863004552233

293328 Zonian the Eclecticist (level 20, -3/112 HPs)
             Began as a Deep Elf Earth Elementalist on Nov 23, 2023.
             Was the Champion of Vehumet.
             Shot with an arrow by a deep elf archer (18 damage)
             ... on level 1 of the Elven Halls on Nov 25, 2023.
             The game lasted 04:22:02 (47664 turns).

Zonian the Eclecticist (DEEE)                      Turns: 47664, Time: 04:22:02

Health: -3/112     AC: 18    Str:  5    XL:     20   Next: 1%
Magic:  27/45      EV: 16    Int: 30    God:    Vehumet [******]
Gold:   469        SH:  6    Dex: 19    Spells: 0/57 levels left

rFire   . . .        E - +8 rapier (venom) {short}
rCold   . . .        D - +0 buckler {AC+3}
rNeg    . . .        c - +3 leather armour {rPois}
rPois   +            d - +2 hat {Stlth+}
rElec   .            h - scarf {repulsion}
rCorr   .            w - +2 pair of gloves
SInv    .            M - -1 pair of boots "Vuikyarog" {Regen+ Dex+4}
Will    ++...        e - amulet of magic regeneration {@e2}
Stlth   +++++        x - +4 ring of protection
HPRegen 1.18/turn    P - ring of wizardry
MPRegen 0.69/turn

%: repel missiles, wizardry (x1)
@: no status effects
A: no striking features
}: 2/15 runes: serpentine, barnacled
a: Renounce Religion


You were on level 1 of the Elven Halls.
You worshipped Vehumet.
Vehumet was exalted by your worship.
You visited 7 branches of the dungeon, and saw 32 of its levels.
You also visited: Bailey and Ice Cave.

You collected 3570 gold pieces.
You spent 3101 gold pieces at shops.


   Skills:
 - Level 8.0 Fighting
 + Level 7.5 Short Blades
 - Level 2.6 Armour
 + Level 10.2 Dodging
 - Level 7.4 Stealth
 - Level 5.7 Shields
 + Level 19.3 Spellcasting
 + Level 15.6 Conjurations
 + Level 8.4 Necromancy
 - Level 1.1 Transmutations
 + Level 10.4 Fire Magic
 + Level 11.9 Ice Magic
 + Level 10.5 Air Magic
 + Level 15.0 Earth Magic
 - Level 4.0 Evocations


You couldn't memorise any spells.
You knew the following spells:

 Your Spells              Type           Power      Damage    Failure   Level
a - Sandblast             Erth           100%       2d20      0%          1
b - Stone Arrow           Conj/Erth      100%       3d13      0%          3
c - Brom's Barrelling Bo  Conj/Erth      88%        2d10      1%          4
d - Freezing Cloud        Conj/Ice/Air   40%        6-21      1%          5
e - Hailstorm             Conj/Ice       84%        3d17      1%          3
f - Bombard               Conj/Erth      44%        9d7       1%          6
g - Arcjolt               Conj/Air       41%        1d51      1%          5
h - Plasma Beam           Fire/Air       37%        2x1d51    1%          6
i - Lee's Rapid Deconstr  Erth           44%        3d21*     1%          5
j - Dispel Undead         Necr           68%        3d23      1%          4
k - Ozocubu's Armour      Ice            79%        N/A       1%          3
l - Iskenderun's Battles  Conj           89%        2d14      1%          5
m - Orb of Destruction    Conj           44%        9d12      1%          7

Your spell library contained the following spells:

 Spells                   Type           Power      Damage    Failure   Level
 Spellforged Servitor     Conj/Summ      33%        N/A       13%         7
 Kiss of Death            Conj/Necr      100%       2d13      1%          1
 Cigotuvi's Dreadful Rot  Necr/Pois/Air  100%       N/A       1%          2
 Momentum Strike          Conj/Tloc      100%       3d10      1%          2
 Passwall                 Tmut/Erth      55%        N/A       1%          2
 Ignite Poison            Fire/Tmut/Pois 51%        N/A       1%          3
 Animate Armour           Summ/Erth      100%       N/A       1%          4
 Petrify                  Tmut/Erth      67%        N/A       1%          4
 Summon Lightning Spire   Summ/Air       57%        N/A       1%          4
 Vhi's Electric Charge    Tloc/Air       100%       N/A       1%          4
 Fireball                 Conj/Fire      41%        3d17      1%          5
 Conjure Ball Lightning   Conj/Air       41%        3x3d13    1%          6
 Blink                    Tloc           58%        N/A       2%          2
 Lesser Beckoning         Tloc           58%        N/A       2%          2
 Anguish                  Hex/Necr       26%        N/A       2%          4
 Ozocubu's Refrigeration  Ice            39%        4d16      2%          7
 Confusing Touch          Hex            29%        N/A       4%          3
 Lehudib's Crystal Spear  Conj/Erth      44%        10d11     5%          8
 Cause Fear               Hex            14%        N/A       14%         4
 Haunt                    Necr/Summ      26%        N/A       88%         7
 Borgnjor's Revivificati  Necr           34%        N/A       94%         8
 Enfeeble                 Hex            14%        N/A       100%        7
 Death's Door             Necr           34%        N/A       100%        9

Inventory:

Hand Weapons
 E - a +8 rapier of venom (weapon) {short}
   (You took it off a merfolk aquamancer on level 4 of the Shoals)
 F - the +8 spear of Roriypsabre {freeze, Str+4, polearm}
   (You found it on level 4 of the Shoals)

   Str+4:     It affects your strength (+4).
 Q - a +6 short sword of freezing {short}
   (You took it off a wight on level 9 of the Dungeon)
Missiles
 q - 65 poisoned darts {throwing}
 s - 5 silver javelins {throwing}
 L - 93 boomerangs {throwing}
 N - 8 curare-tipped darts {=fthrowing}
 W - 7 throwing nets {=f!fthrowing}
Armour
 c - a +3 leather armour of poison resistance (worn)
   (You took it off a tengu warrior on level 15 of the Dungeon)
 d - a +2 hat of stealth (worn)
   (You took it off Gastronok on level 3 of the Lair of Beasts)
 h - a scarf of repulsion (worn)
   (You found it on level 2 of the Dungeon)
 w - a +2 pair of gloves (worn)
   (You found it on level 6 of the Dungeon)
 D - a +0 buckler of protection (worn)
   (You bought it in a shop on level 2 of the Orcish Mines)
 M - the -1 pair of boots "Vuikyarog" (worn) {Regen+ Dex+4}
   (You bought it in a shop on level 2 of the Orcish Mines)

   Dex+4:     It affects your dexterity (+4).
   Regen+:    It increases your rate of health regeneration.
Jewellery
 e - an amulet of magic regeneration (around neck) {@e2}
   (You found it on level 1 of the Dungeon)
 f - a ring of flight
   (You took it off a hobgoblin on level 1 of the Dungeon)
 k - a ring of see invisible
   (You found it on level 2 of the Dungeon)
 n - a +5 ring of evasion
   (You took it off an orc on level 4 of the Dungeon)
 x - a +4 ring of protection (left hand)
   (You took it off an orc on level 6 of the Dungeon)
 z - a ring of protection from fire
   (You found it on level 8 of the Dungeon)
 K - the ring of Racoamn {rPois rC+ Slay+4 Stlth+}
   (You found it on level 4 of the Shoals)

   [ring of slaying]

   Slay+4:    It affects your accuracy & damage with ranged weapons and melee
   (+4).
   rC+:       It protects you from cold.
   rPois:     It protects you from poison Stlth+: It makes you more stealthy.
 P - a ring of wizardry (right hand)
   (You bought it in a shop on level 10 of the Dungeon)
Wands
 a - a wand of paralysis (16)
   (You found it on level 3 of the Lair of Beasts)
 t - a wand of quicksilver (2)
   (You took it off an orc on level 4 of the Dungeon)
 J - a wand of mindburst (4)
   (You found it on level 5 of the Lair of Beasts)
 S - a wand of digging (6)
   (You found it on level 1 of the Elven Halls)
 U - a wand of flame (23)
   (You found it on level 1 of the Shoals)
Scrolls
 r - 2 scrolls of vulnerability {!r!r}
 y - a scroll of revelation
 G - a scroll of identify {@r1}
 H - a scroll of poison {!r}
 I - 2 scrolls of silence {!r}
 R - 3 scrolls of teleportation {@r4}
 T - a scroll of fog
 X - 3 scrolls of fear
 Y - a scroll of blinking {!r}
Potions
 b - 2 potions of magic
 i - 4 potions of attraction {!q}
 j - 8 potions of enlightenment
 l - 2 potions of lignification {!q}
 m - 2 potions of brilliance
 o - 4 potions of curing {@q1}
 p - a potion of resistance
 u - 2 potions of cancellation
 v - 6 potions of invisibility
 A - 5 potions of might
 C - 4 potions of berserk rage {!q}
 O - 3 potions of ambrosia
 Z - 3 potions of haste {@q3}
Miscellaneous
 g - a phial of floods
   (You found it on level 2 of the Snake Pit)
 B - a sack of spiders (inert)
   (You found it on level 12 of the Dungeon)
 V - a phantom mirror
   (You found it on level 1 of the Lair of Beasts)

Dungeon Overview and Level Annotations

Branches:
Dungeon (15/15) Zot: 24232  Temple (1/1) D:6 Zot: 5986    Lair (5/5) D:10 Zot: 19398
 Shoals (4/4) Lair:2 Zot: 18654   Snake (4/4) Lair:3 Zot: 16283   Slime (0/5) Lair:5
    Orc (2/2) D:11 Zot: 9198     Elf (1/3) Orc:2 Zot: 5286  Vaults (0/5) D:13
 Depths (0/4) D:15         Bailey (visited)           IceCv (visited)

Altars:
Ashenzari
Cheibriados
Dithmenos
Elyvilon
Fedhas
Gozag
Hepliaklqana
Kikubaaqudgha
Makhleb
Nemelex Xobeh
Okawaru
Qazlal
Ru
Sif Muna
Trog
Uskayaw
Vehumet
Wu Jian
Xom
Yredelemnul
Zin
The Shining One
Jiyva

Shops:
D:4 ?   D:5 [   D:10 *   D:15 !(   Orc:2 *:[   Shoals:1 (   Shoals:2 !:?
Snake:2 ?=   Snake:3 :

Portals:
Hell: Lair:5
Pandemonium: Orc:2

Annotations:
D:2 1 runed translucent door, Crazy Yiuf
Snake:2 Asterion
Orc:1 1 runed translucent door, exclusion: 4 orange crystal statues

###.##.##. #... #.##.##.
#... #.##.### ####e.
#.##'### ##...e# #+#
#.#..... #.....# #.#
#.#..... #.e...#
#.#######.#.....
#.e...#####.........+.....
#...e.'.?@....# #.....
##)*.e######.### #.....
#.)EE## #.# #.##....
#..e).○○## ##'## #.###...
##.##.°## ##...## #.# #+##
# ....# ##.....## #.# #.#
.##..# ##.......## #.# #.#
# ...# #.........###.# #.#
##.## #..........##.# #.#


You could see a deep elf archer (repels missiles), 2 deep elf pyromancers, a
deep elf zephyrmancer and a friendly battlesphere.


Message History

😕 HP[+1] MP[-2]
You lost 2 mp, and now have 32/45 mp.
Unknown command.
The fire elemental barely misses you. x2
The deep elf pyromancer gestures at you while chanting.
The bolt of fire is repelled.
A deep elf archer comes into view.
It is wielding a +2 short sword of electrocution.
Things that are here:
a +1 trident of freezing {polearm}; a +0 chain mail of fire resistance; an orc corpse 😕 HP[+1] MP[+1] Unknown command.
You closely miss the deep elf pyromancer.
The fire elemental misses you. The fire elemental hits you.
A deep elf zephyrmancer comes into view.
It is wielding a +0 short sword.
An orc warrior comes into view. It is wielding a +0 dire flail.
The deep elf archer unwields a +2 short sword of electrocution.
It stops crackling.
The deep elf archer wields a +0 shortbow.
The deep elf archer shoots an arrow.
The arrow closely misses you. The deep elf pyromancer misses you.
The fire elemental closely misses you.
You block the fire elemental's attack. 😕 HP[+1] Unknown command.
Casting: Stone Arrow (safe; 0% risk of failure)
Confirm with . or Enter, or press ? or * to list all spells.
Electricity surges outward!
The fire elemental completely resists.
The fire elemental is struck by an electric surge.
The fire elemental resists.
The fire elemental is struck by an electric surge!
The deep elf pyromancer is struck by an electric surge!
The fire elemental resists.
The fire elemental is struck by an electric surge.
The fire elemental hits you. The fire elemental burns you!
The fire elemental closely misses you.
The deep elf zephyrmancer points at you and mumbles some strange words.
The bolt of lightning hits you!!
A deep elf pyromancer comes into view. It is wielding a +0 long sword.
The deep elf zephyrmancer points at you and mumbles some strange words.
The bolt of lightning misses you.
The bolt of lightning hits the fire elemental!
The fire elemental resists.
The fire elemental is destroyed!
The fire elemental disappears in a puff of smoke!
The deep elf pyromancer mumbles some strange words.
The deep elf pyromancer blinks!
The deep elf archer shoots an arrow.
The arrow completely misses you.
You hear a shout! 😮 HP[-33] MP[-4]
You take 33 damage, and now have 70/112 hp.
MASSIVE DAMAGE!! (PAUSE)
You lost 4 mp, and now have 29/45 mp.
Casting: Arcjolt (safe; 1% risk of failure)
Confirm with . or Enter, or press ? or * to list all spells.
You conjure a globe of magical energy.
The fire elemental hits you. The fire elemental burns you!
The deep elf pyromancer hits your battlesphere with a +0 long sword.
A deep elf zephyrmancer comes into view.
It is wielding a +0 short sword.
The deep elf zephyrmancer mumbles some strange words.
The deep elf zephyrmancer blinks! 😮 HP[-6] MP[-4]
You take 6 damage, and now have 64/112 hp.
You lost 4 mp, and now have 25/45 mp.
Unknown command.
A deep elf pyromancer comes into view.
It is wielding a +1 long sword of holy wrath.
The fire elemental hits your battlesphere.
The fire elemental burns your battlesphere!
Your battlesphere completely resists.
The fire elemental hits your battlesphere.
The fire elemental burns your battlesphere!
Your battlesphere completely resists.
The deep elf pyromancer gestures at you while chanting.
The bolt of fire hits you!!!
* * * LOW HITPOINT WARNING * * *
The fire elemental hits your battlesphere.
The fire elemental burns your battlesphere!
Your battlesphere completely resists.
The fire elemental hits your battlesphere.
The fire elemental burns your battlesphere!
Your battlesphere completely resists. 😨 HP[-35]
You take 35 damage, and now have 29/112 hp.
MASSIVE DAMAGE!! (PAUSE)
You completely miss the deep elf pyromancer.
The deep elf zephyrmancer points at you and mumbles some strange words.
The bolt of lightning hits you!
* * * LOW HITPOINT WARNING * * *
The bolt of lightning misses the fire elemental.
The deep elf pyromancer misses you.
A deep elf demonologist comes into view.
It is wielding a +2 long sword of distortion. 😱 HP[-15] MP[+1]
You take 15 damage, and now have 14/112 hp.
Okay, then.
Blink to where?
Press: ? - help, Dir - move target, p - deep elf pyromancer
As you read the scroll of blinking {!r}, it crumbles to dust.
Something hits your battlesphere. Something burns your battlesphere!
Your battlesphere completely resists.
Something barely misses your battlesphere.
The deep elf archer shoots an arrow.
The arrow hits you!!
You die...

Skill      XL: |  1  2  3  4  5  6  7  8  9 10 11 12 13 14 15 16 17 18 19 |
---------------+----------------------------------------------------------+-----
Spellcasting   | 4 6 8 10 12 13 14 15 16 17 18 19 | 19.3
Earth Magic    | 4 5 6 7 8 10 11 12 13 14 15 | 15.0
Conjurations   | 1 2 3 4 5 7 9 10 11 12 13 14 15 | 15.6
Ice Magic      | 4 5 7 8 9 10 11 | 11.9
Air Magic      | 3 5 6 7 8 9 10 | 10.5
Stealth        | 3 5 7 |  7.4
Fighting       | 3 4 5 7 8 |  8.0
Dodging        | 5 6 7 8 10 | 10.2
Fire Magic     | 3 5 6 8 9 10 | 10.4
Short Blades   | 4 6 7 |  7.5
Shields        | 2 4 5 |  5.7
Necromancy     | 3 4 6 8 |  8.4
Armour         | 2 |  2.6
Evocations     | 1 4 |  4.0
Transmutations | |  1.1

Action                     |  1- 3 |  4- 6 |  7- 9 | 10-12 | 13-15 | 16-18 | 19-21 || total
---------------------------+-------+-------+-------+-------+-------+-------+-------++-------
  Melee: Hand axe          |       |     1 |       |       |       |       |       ||     1
         Short sword       |       |       |     4 |     8 |    38 |     9 |    12 ||    71
         Punch             |       |       |       |       |     1 |       |       ||     1
         Rapier            |       |       |       |       |       |       |    13 ||    13
  Throw: Dart              |       |       |       |       |     1 |       |     1 ||     2
         Boomerang         |       |       |       |       |       |     1 |     2 ||     3
   Cast: Sandblast         |    43 |    64 |   100 |    29 |    16 |     5 |     8 ||   265
         Stone Arrow       |       |    11 |    79 |   149 |   194 |   171 |   206 ||   810
         Brom's Barrelling |       |       |     4 |    94 |    79 |    23 |       ||   200
         Freezing Cloud    |       |       |       |    20 |    79 |    14 |    23 ||   136
         Arcjolt           |       |       |       |    22 |    60 |    11 |     1 ||    94
         Hailstorm         |       |       |       |       |     8 |       |    11 ||    19
         Plasma Beam       |       |       |       |       |    45 |    60 |   111 ||   216
         Lee's Rapid Decon |       |       |       |       |   133 |   106 |    24 ||   263
         Petrify           |       |       |       |       |     1 |       |       ||     1
         Iskenderun's Batt |       |       |       |       |       |    38 |    51 ||    89
         Bombard           |       |       |       |       |       |    14 |    22 ||    36
         Ozocubu's Armour  |       |       |       |       |       |     3 |     1 ||     4
  Evoke: Wand              |       |       |     8 |     6 |    25 |    21 |    16 ||    76
         Sack of spiders   |       |       |       |       |     2 |       |     1 ||     3
         Phantom mirror    |       |       |       |       |       |     1 |       ||     1
    Use: Scroll            |       |     9 |     9 |     8 |    12 |     9 |     5 ||    52
         Potion            |       |       |       |       |    10 |     5 |     4 ||    19
   Stab: Sleeping          |       |     1 |       |     2 |     4 |     4 |     1 ||    12
         Petrified         |       |       |       |       |     4 |       |       ||     4
 Armour: Robe              |     8 |     8 |    31 |    99 |   132 |       |       ||   278
         Leather armour    |       |       |       |       |    39 |    86 |   194 ||   319
  Dodge: Dodged            |     8 |    21 |    69 |    88 |   127 |    64 |   168 ||   545
         Repelled          |       |       |     1 |     2 |     5 |     7 |    12 ||    27
  Block: Buckler           |       |       |       |       |     2 |    17 |    50 ||    69

Levels and vault maps discovered:
D:1:      tekkud_arrival_beachfront_property, layout_basic,
          chequers_serial_rivers_small_b, minmay_box_of_dots
D:2:      layout_basic, basic_altar, uniq_crazy_yiuf_cottage
D:3:      layout_loops_corners
D:4:      layout_cave_pools, nicolae_overflow_crystal_walls, serial_shops, shop,
          chequers_serial_rivers_small_b, serial_bayou_pond_d, st_stairs_9,
          minmay_misc_feat_doors
D:5:      layout_loops_ring, serial_shops, nicolae_take_the_stairs,
          dreamdust_princess_bridge
D:6:      layout_loops_ring, nicolae_qazlal_eye_of_the_storm,
          lemuel_zombie_altar_kikubaaqudgha, minmay_temple_entry_mist,
          uniq_edmund
D:7:      gammafunk_wand_slinger, layout_gridville, hangedman_ru_absence
D:8:      layout_loops_ring, mainiacjoe_overflow_catch_the_wave,
          gammafunk_ghost_split, special_room [special_room_orc]
D:9:      layout_basic, mainiacjoe_overflow_divided_tiny, enter_bailey_1
D:10:     layout_long_grid, nicolae_wu_jian_glorious_leap,
          minmay_lair_entry_grove, serial_shops, shop, minmay_misc_feat_plants,
          chequers_serial_rivers_marsh
D:11:     layout_big_octagon, kennysheep_orc_monster_closet_entryway,
          grunt_ministairs_10
D:12:     layout_irregular_city, hangedman_glass_teeth
D:13:     layout_cave_pools, david_vaults_3, lightli_fourway_metalbox
D:14:     layout_irregular_city, uniq_snorg
D:15:     grunt_enter_depths_snipers, layout_cave_pools, serial_shops,
          nicolae_shop_industrial_runoff, nicolae_shop_bloodbath_and_beyond
Temple:   cyrus_circular_temple
Lair:1:   layout_layer_cave
Lair:2:   dpeg_oklob_shooting_range, layout_regular_city,
          elwin_shoals_entry_rocks
Lair:3:   layout_gridlike, dummy_snake_entry, grunt_megastairs_5, uniq_gastronok
Lair:4:   layout_layer_cave, grunt_megastairs_1, lemuel_fruit_fields,
          serial_bayou_shore_b, lemuel_fruit_fields
Lair:5:   evil_forest, layout_hall_layers, slime_entry_1,
          eino_small_chamber_without_monster
Shoals:1: layout_shoals, serial_shops,
          nicolae_shop_temple_entry_statues_fountains
Shoals:2: layout_shoals, serial_shops, nicolae_shop_hallway_plus,
          nicolae_shop_crystal, shop, shop
Shoals:3: layout_shoals, nicolae_shoals_kraken_intersection
Shoals:4: shoals_end_grunt_garden, layout_shoals, nicolae_shoals_aquamancer_cove
Snake:1:  layout_gridlike, grunt_ministairs_2
Snake:2:  layout_layer_cave, serial_shops, nicolae_shop_pleasant_corner_grove,
          nicolae_shop_statue_plus, basic_altar, uniq_asterion
Snake:3:  layout_honeycomb, portal_ice_cave_entry_ice_simulacra,
          nicolae_shop_i_like_big_books, uniq_vashnia
Snake:4:  minmay_snake_end_coiled, layout_cave_town,
          nicolae_snake_serpentine_hallways, drop_trap, guppyfry_snake_island,
          uniq_mara
Orc:1:    layout_caves, chequers_guarded_unrand_ignorance, uniq_erica,
          uniq_nergalle
Orc:2:    pf_orc_diabolical, layout_caves, gauntlet_entry_generic
Elf:1:    nicolae_elf_arrival_fired_up, layout_gridlike, hangedman_elf_represent

Notes
Turn   | Place    | Note
-------+----------+-------------------------------------------
     0 | D:1      | Zonian the Deep Elf Earth Elementalist began the quest for
                  | the Orb.
     0 | D:1      | Reached XP level 1. HP: 10/10 MP: 6/6
     0 | D:1      | magus.rc [v1.9.6]
   201 | D:1      | Reached XP level 2. HP: 15/15 MP: 2/8
   518 | D:1      | Reached skill level 4 in Spellcasting
   518 | D:1      | Reached skill level 4 in Earth Magic
   963 | D:2      | Reached XP level 3. HP: 19/19 MP: 8/10
   970 | D:2      | Learned a level 3 spell: Stone Arrow
  1218 | D:2      | Reached skill level 1 in Conjurations
  1220 | D:2      | Reached XP level 4. HP: 24/24 MP: 10/12
  1227 | D:2      | Found a bloodstained altar of Trog.
  1443 | D:2      | Found a runed translucent door.
  1444 | D:2      | Noticed Crazy Yiuf
  2253 | D:3      | Reached skill level 2 in Conjurations
  2735 | D:4      | Reached skill level 5 in Earth Magic
  2850 | D:4      | Reached XP level 5. HP: 28/28 MP: 13/13
  2927 | D:4      | Reached skill level 3 in Conjurations
  2954 | D:4      | You pick up a book of Geomancy and begin reading...
  3174 | D:4      | Reached XP level 6. HP: 29/32 MP: 11/14
  3214 | D:4      | Reached skill level 4 in Conjurations
  3214 | D:4      | Reached skill level 6 in Earth Magic
  3369 | D:4      | You add the spells Haunt, Borgnjor's Revivification and
                  | Death's Door to your library.
  3450 | D:4      | Found Ixtemo Ocosch's Magic Scroll Boutique.
  3457 | D:4      | Bought a scroll of brand weapon for 123 gold pieces
  3458 | D:4      | Bought a scroll of enchant armour for 97 gold pieces
  3533 | D:4      | Learned a level 4 spell: Brom's Barrelling Boulder
  3612 | D:4      | Found a blossoming altar of Fedhas.
  3801 | D:5      | Entered Level 5 of the Dungeon
  3882 | D:5      | Reached XP level 7. HP: 36/36 MP: 14/16
  3912 | D:5      | Reached skill level 5 in Spellcasting
  3926 | D:5      | Reached skill level 5 in Conjurations
  4437 | D:5      | Reached skill level 7 in Earth Magic
  4574 | D:5      | Reached skill level 6 in Spellcasting
  4918 | D:5      | Found Edamiongu's Armour Shoppe.
  5048 | D:6      | Reached XP level 8. HP: 41/41 MP: 15/19
  5188 | D:6      | Reached skill level 6 in Conjurations
  5251 | D:6      | Noticed Edmund
  5501 | D:6      | Reached skill level 7 in Spellcasting
  5597 | D:6      | Killed Edmund
  5673 | D:6      | Reached skill level 8 in Earth Magic
  5700 | D:6      | Found a stormy altar of Qazlal.
  5707 | D:6      | Found a staircase to the Ecumenical Temple.
  5717 | Temple   | Entered the Ecumenical Temple
  5736 | D:6      | Noticed a troll
  5786 | D:6      | Reached skill level 8 in Spellcasting
  5786 | D:6      | Reached skill level 7 in Conjurations
  6298 | D:6      | Found an ancient bone altar of Kikubaaqudgha.
  6841 | D:7      | Found a sacrificial altar of Ru.
  7035 | D:7      | Found a transporter.
  7038 | D:7      | Noticed a kobold demonologist
  7148 | D:7      | Found a transporter.
  7179 | D:7      | Reached XP level 9. HP: 45/45 MP: 20/23
  7778 | D:7      | Reached skill level 9 in Earth Magic
  7960 | D:8      | Noticed a centaur warrior
  8016 | D:8      | Noticed Sundig's ghost (novice MiFi)
  8059 | D:8      | Reached skill level 9 in Spellcasting
  8063 | D:8      | Reached skill level 8 in Conjurations
  8544 | D:8      | Found an opulent altar of Gozag.
  8591 | D:8      | Found a radiant altar of Vehumet.
  8601 | D:8      | Became a worshipper of Vehumet
  8897 | D:8      | Found a runed translucent gate.
  8897 | D:8      | Found a runed translucent gate.
  8897 | D:8      | Found a runed translucent gate.
  9034 | D:8      | Reached skill level 10 in Spellcasting
  9339 | D:8      | Reached * piety under Vehumet
  9339 | D:8      | Offered knowledge of Shock by Vehumet.
  9425 | D:7      | Killed a kobold demonologist
  9426 | D:7      | Reached skill level 9 in Conjurations
  9426 | D:7      | Reached skill level 10 in Earth Magic
  9665 | D:9      | Found a flagged portal.
  9715 | Bailey   | Entered a bailey
  9736 | Bailey   | Reached XP level 10. HP: 50/50 MP: 23/26
 10052 | Bailey   | Offered knowledge of Kiss of Death by Vehumet.
 10054 | Bailey   | Reached ** piety under Vehumet
 10163 | Bailey   | Reached skill level 11 in Spellcasting
 10219 | Bailey   | Identified the +4 chain mail "Fekeg" {rElec Str+3 Dex-3}
 10286 | Bailey   | Found an iron altar of Okawaru.
 10423 | D:9      | You add the spells Cigotuvi's Dreadful Rot, Ignite Poison
                  | and Freezing Cloud to your library.
 10739 | D:9      | Reached skill level 10 in Conjurations
 10985 | D:9      | Found a hide-covered altar of Uskayaw.
 10986 | D:9      | Found a snail-covered altar of Cheibriados.
 11146 | D:10     | Entered Level 10 of the Dungeon
 11181 | D:10     | Found Rujimm's Assorted Antiques.
 11206 | D:10     | Bought a wooden ring for 115 gold pieces
 11206 | D:10     | Bought a scroll of blinking for 172 gold pieces
 11206 | D:10     | Bought an emerald potion for 20 gold pieces
 11206 | D:10     | Bought a scroll of fear for 92 gold pieces
 11289 | D:10     | Reached skill level 11 in Earth Magic
 11573 | D:10     | Reached skill level 12 in Spellcasting
 11585 | D:10     | Found a staircase to the Lair.
 11760 | D:10     | Offered knowledge of Momentum Strike by Vehumet.
 11845 | D:10     | Noticed a two-headed ogre
 12076 | D:10     | Killed a two-headed ogre
 12076 | D:10     | Reached *** piety under Vehumet
 12077 | D:10     | Reached XP level 11. HP: 54/54 MP: 20/29
 12403 | D:10     | Found an ornate altar of the Wu Jian Council.
 12606 | Lair:1   | Entered Level 1 of the Lair of Beasts
 12612 | Lair:1   | magus.rc [v1.9.6]
 12787 | Lair:1   | Reached skill level 11 in Conjurations
 12915 | Lair:1   | Learned a level 5 spell: Freezing Cloud
 13109 | Lair:1   | Reached skill level 13 in Spellcasting
 13109 | Lair:1   | Reached skill level 1 in Ice Magic
 13118 | Lair:1   | Reached skill level 1 in Air Magic
 13139 | Lair:1   | Reached skill level 12 in Earth Magic
 13572 | Lair:1   | Offered knowledge of Hailstorm by Vehumet.
 13573 | Lair:1   | Reached skill level 2 in Ice Magic
 13577 | Lair:1   | Learned a level 3 spell: Hailstorm
 13717 | Lair:1   | Reached skill level 2 in Air Magic
 13793 | Lair:1   | Reached skill level 3 in Ice Magic
 14332 | Lair:2   | Reached skill level 3 in Air Magic
 14546 | Lair:2   | Reached skill level 4 in Ice Magic
 15017 | Lair:2   | Found a staircase to the Shoals.
 15036 | Lair:2   | Noticed a death yak
 15066 | Lair:2   | Noticed a death yak
 15068 | Lair:2   | Noticed a death yak
 15076 | Lair:2   | You pick up a book of Lightning and begin reading...
 15076 | Lair:2   | You add the spells Vhi's Electric Charge, Arcjolt and
                  | Plasma Beam to your library.
 15089 | Lair:2   | Learned a level 4 spell: Petrify
 15095 | Lair:2   | Learned a level 5 spell: Arcjolt
 15106 | Lair:2   | Noticed a death yak
 15132 | Lair:2   | Reached **** piety under Vehumet
 15133 | Lair:2   | Reached skill level 3 in Stealth
 15133 | Lair:2   | Reached XP level 12. HP: 60/60 MP: 24/31
 15561 | Lair:2   | Killed a death yak
 15562 | Lair:2   | Reached skill level 1 in Fighting
 15562 | Lair:2   | Reached skill level 3 in Dodging
 15581 | Lair:2   | Killed a death yak
 15584 | Lair:2   | Killed a death yak
 15585 | Lair:2   | Reached skill level 4 in Air Magic
 15588 | Lair:2   | Killed a death yak
 15589 | Lair:2   | Reached skill level 14 in Spellcasting
 16080 | Lair:2   | Learned a level 6 spell: Plasma Beam
 16106 | Lair:3   | Reached skill level 12 in Conjurations
 16261 | Lair:3   | Reached skill level 4 in Stealth
 16261 | Lair:3   | Offered knowledge of Lee's Rapid Deconstruction by Vehumet.
 16272 | Lair:3   | Reached skill level 1 in Fire Magic
 16274 | Lair:3   | Reached skill level 4 in Dodging
 16426 | Lair:3   | Found a staircase to the Snake Pit.
 16786 | Lair:3   | Reached skill level 2 in Fighting
 16786 | Lair:3   | Reached skill level 5 in Ice Magic
 17122 | Lair:3   | Noticed Gastronok
 17149 | Lair:3   | Killed Gastronok
 17150 | Lair:3   | Reached skill level 2 in Fire Magic
 17509 | Lair:3   | Reached skill level 5 in Stealth
 17509 | Lair:3   | Reached skill level 13 in Earth Magic
 17815 | Lair:4   | Noticed a catoblepas
 17845 | Lair:4   | Killed a catoblepas
 17990 | Lair:4   | Noticed a catoblepas
 18024 | Lair:4   | Reached skill level 5 in Air Magic
 18171 | Lair:4   | Reached skill level 5 in Dodging
 18324 | Lair:4   | Reached skill level 3 in Fire Magic
 18367 | Lair:4   | Killed a catoblepas
 18368 | Lair:4   | Reached skill level 3 in Fighting
 18368 | Lair:4   | Reached XP level 13. HP: 40/68 MP: 7/33
 18923 | Lair:4   | You pick up a book of Iron and begin reading...
 18923 | Lair:4   | You add the spells Summon Lightning Spire, Animate Armour
                  | and Lee's Rapid Deconstruction to your library.
 18930 | Lair:4   | Learned a level 5 spell: Lee's Rapid Deconstruction
 18957 | Lair:4   | Reached skill level 6 in Ice Magic
 19552 | Lair:5   | Entered Level 5 of the Lair of Beasts
 19556 | Lair:5   | Reached skill level 6 in Stealth
 19898 | Lair:5   | HP: 17/69 [poisoned by a cane toad]
 20183 | Lair:5   | Reached skill level 4 in Fire Magic
 20492 | Lair:4   | Reached skill level 6 in Dodging
 20839 | Lair:5   | Reached skill level 6 in Air Magic
 20857 | Lair:5   | Reached skill level 4 in Fighting
 20857 | Lair:5   | Reached skill level 15 in Spellcasting
 21130 | Lair:5   | Reached skill level 7 in Stealth
 21302 | Lair:5   | Found a viscous altar of Jiyva.
 21304 | Lair:5   | Found a staircase to the Slime Pits.
 21374 | Lair:5   | Reached skill level 7 in Ice Magic
 21770 | Lair:5   | Found a burning altar of Makhleb.
 21781 | Lair:5   | Reached skill level 5 in Fire Magic
 21784 | Lair:5   | HP: 7/70 [sun demon (18)]
 21789 | Lair:5   | Reached skill level 13 in Conjurations
 21789 | Lair:5   | Reached XP level 14. HP: 10/76 MP: 12/35
 21847 | Lair:5   | Reached skill level 1 in Short Blades
 22619 | Lair:5   | Found a gateway to Hell.
 22627 | Lair:5   | You pick up a book of Touch and begin reading...
 22627 | Lair:5   | You add the spells Kiss of Death, Confusing Touch and
                  | Dispel Undead to your library.
 23439 | D:11     | Reached ***** piety under Vehumet
 23522 | D:11     | Identified the +0 leather armour "Madd" {-Tele Str+4 Dex+2}
 23612 | D:11     | Found a staircase to the Orcish Mines.
 23613 | D:11     | Offered knowledge of Conjure Ball Lightning by Vehumet.
 23614 | D:11     | Reached skill level 2 in Short Blades
 24828 | D:13     | Noticed Urug
 24828 | D:13     | Found a gate to the Vaults.
 24832 | D:13     | Reached skill level 5 in Fighting
 24832 | D:13     | Killed Urug
 24833 | D:13     | Reached skill level 3 in Short Blades
 24833 | D:13     | Reached skill level 1 in Shields
 24833 | D:13     | Reached skill level 6 in Fire Magic
 24833 | D:13     | Reached skill level 7 in Air Magic
 24834 | D:13     | Reached skill level 8 in Ice Magic
 25935 | D:13     | Reached skill level 2 in Shields
 26512 | D:14     | Reached skill level 4 in Short Blades
 26700 | D:14     | Reached skill level 16 in Spellcasting
 26715 | D:14     | Reached XP level 15. HP: 70/83 MP: 1/37
 27413 | D:14     | Noticed Snorg
 27416 | D:14     | Killed Snorg
 27417 | D:14     | Reached skill level 7 in Fire Magic
 27480 | D:14     | You pick up a book of Hexes and begin reading...
 27480 | D:14     | You add the spells Anguish, Cause Fear and Enfeeble to your
                  | library.
 27486 | D:14     | Learned a level 4 spell: Dispel Undead
 27613 | D:15     | Entered Level 15 of the Dungeon
 27628 | D:14     | Offered knowledge of Sticky Flame by Vehumet.
 28002 | D:15     | Reached skill level 3 in Shields
 28003 | D:15     | Reached skill level 1 in Necromancy
 28020 | D:15     | HP: 13/84 [large slime creature (22)]
 28502 | D:15     | Noticed a frost giant
 28505 | D:15     | Killed a frost giant
 28506 | D:15     | Reached skill level 6 in Fighting
 28517 | D:15     | Reached skill level 8 in Air Magic
 28532 | D:15     | Reached skill level 2 in Necromancy
 29025 | D:15     | Found Oriuron's Distillery.
 29041 | D:15     | Bought a potion of cancellation for 88 gold pieces
 29041 | D:15     | Bought a potion of heal wounds for 55 gold pieces
 29041 | D:15     | Bought a potion of heal wounds for 55 gold pieces
 29185 | D:15     | Reached skill level 9 in Ice Magic
 29250 | D:15     | Found Sylusasm's Weapon Shop.
 29356 | D:15     | Found a staircase to the Depths.
 29484 | Orc:1    | Entered Level 1 of the Orcish Mines
 29490 | Orc:1    | Noticed Nergalle
 29494 | Orc:1    | Killed Nergalle
 29499 | Orc:1    | Noticed Erica
 29503 | Orc:1    | Killed Erica
 29909 | Orc:1    | Found a runed translucent door.
 29910 | Orc:1    | Found the +10 tower shield of Ignorance {rN+ Int-4}
 29929 | Orc:1    | You fall into a shaft and drop 1 floor!
 29929 | Orc:2    | Entered Level 2 of the Orcish Mines
 29929 | Orc:2    | Found Qaupnuam's General Store.
 29948 | Orc:2    | Bought a scroll of teleportation for 51 gold pieces
 29968 | Orc:2    | Reached skill level 1 in Armour
 29968 | Orc:2    | Reached skill level 14 in Conjurations
 30237 | Orc:2    | Reached skill level 3 in Necromancy
 30307 | Orc:2    | HP: 11/84 [orc knight/+1 heavy dire flail (18)]
 30778 | Orc:2    | Reached skill level 4 in Shields
 30831 | Orc:2    | Reached skill level 2 in Armour
 30864 | Orc:2    | Reached skill level 8 in Fire Magic
 30927 | Orc:2    | Found Onishugu's Antique Armour Shoppe.
 30927 | Orc:2    | Found Gedghi's Book Emporium.
 30928 | Orc:2    | Found a one-way gate leading to the halls of Pandemonium.
 30934 | Orc:2    | Bought a pair of ichor-stained boots for 332 gold pieces
 30934 | Orc:2    | Identified the -1 pair of boots "Vuikyarog" {Regen+ Dex+4}
                  | (You bought it in a shop on level 2 of the Orcish Mines)
 30951 | Orc:2    | Bought Ozocubu's Autobiography for 240 gold pieces
 30951 | Orc:2    | You add the spells Ozocubu's Armour and Ozocubu's
                  | Refrigeration to your library.
 30955 | Orc:2    | Learned a level 3 spell: Ozocubu's Armour
 31016 | Orc:2    | Found a staircase to the Elven Halls.
 31437 | Orc:1    | Found a runed translucent door.
 31669 | Orc:1    | magus.rc [v1.9.6]
 31887 | D:4      | Bought a scroll of identify for 26 gold pieces
 31887 | D:4      | Bought a scroll of identify for 26 gold pieces
 31887 | D:4      | Identified 2 potions of experience
 32160 | Orc:2    | Bought a book of the Spheres for 640 gold pieces
 32160 | Orc:2    | You pick up a book of the Spheres and begin reading...
 32160 | Orc:2    | You add the spells Iskenderun's Battlesphere, Fireball,
                  | Conjure Ball Lightning and Orb of Destruction to your
                  | library.
 32160 | Orc:2    | Reached skill level 7 in Fighting
 32160 | Orc:2    | Reached skill level 17 in Spellcasting
 32160 | Orc:2    | Reached XP level 16. HP: 92/92 MP: 37/39
 32161 | Orc:2    | Reached skill level 8 in Fighting
 32161 | Orc:2    | Reached XP level 17. HP: 97/97 MP: 37/40
 32391 | D:8      | Reached ****** piety under Vehumet
 32394 | D:8      | Killed Sundig's ghost
 32395 | D:8      | Reached skill level 4 in Necromancy
 32861 | Orc:2    | Bought a runed buckler for 262 gold pieces
 33112 | Snake:1  | Entered Level 1 of the Snake Pit
 33237 | Snake:1  | Learned a level 5 spell: Iskenderun's Battlesphere
 33287 | Snake:1  | Offered knowledge of Starburst by Vehumet.
 33337 | Snake:1  | Reached skill level 18 in Spellcasting
 33367 | Snake:1  | Reached skill level 7 in Dodging
 33610 | Snake:1  | Reached skill level 1 in Evocations
 33610 | Snake:1  | Reached XP level 18. HP: 103/103 MP: 25/42
 34473 | Snake:2  | Found Vuog's Jewellery Emporium.
 35001 | Snake:2  | Found a blossoming altar of Fedhas.
 35058 | Snake:2  | Noticed Asterion
 35072 | Snake:2  | HP: 5/97 [Asterion/orb of electricity (57)]
 35332 | Snake:2  | Reached skill level 10 in Ice Magic
 35390 | Snake:2  | Found Fidulaet's Magic Scroll Shoppe.
 36080 | Snake:3  | Reached skill level 2 in Evocations
 36164 | Snake:3  | Reached skill level 9 in Air Magic
 36275 | Snake:3  | Identified the +3 quarterstaff of Infinite Pain {heavy,
                  | Fragile rElec rF+ Stlth+}
 36281 | Snake:3  | Reached skill level 5 in Necromancy
 36449 | Snake:3  | Found a frozen archway.
 36480 | IceCv    | Entered an ice cave
 36482 | IceCv    | Offered knowledge of Bombard by Vehumet.
 36829 | IceCv    | Reached skill level 14 in Earth Magic
 37094 | IceCv    | Identified the +2 pair of boots of Greater Demons {+Inv rF-
                  | Int+3 Dex+6}
 37134 | IceCv    | Reached skill level 5 in Short Blades
 37156 | IceCv    | Noticed an Ice Fiend
 37660 | Snake:2  | Bought the amulet "Taysm" {rElec Regen+ Str+3} for 603 gold
                  | pieces
 37770 | Snake:3  | Reached skill level 8 in Dodging
 38398 | Snake:3  | Reached skill level 3 in Evocations
 38446 | Snake:3  | Noticed Vashnia
 38622 | Snake:3  | Killed Vashnia
 38721 | Snake:3  | Found Buaqaeg's Tremendous Tomes.
 39041 | Snake:3  | magus.rc [v1.9.6]
 39190 | Lair:2   | Learned a level 6 spell: Bombard
 39347 | Snake:4  | Entered Level 4 of the Snake Pit
 39361 | Snake:4  | Offered knowledge of Eringya's Noxious Bog by Vehumet.
 39403 | Snake:4  | Reached skill level 6 in Necromancy
 39428 | Snake:4  | HP: 16/103 [naga sharpshooter/arrow (14)]
 39539 | Snake:4  | Reached skill level 9 in Fire Magic
 39652 | Snake:4  | Reached skill level 5 in Shields
 40336 | Snake:4  | Reached skill level 4 in Evocations
 40419 | Snake:4  | Noticed Mara
 40924 | Snake:4  | Noticed Zonian's illusion
 40939 | Snake:4  | Killed Mara
 40940 | Snake:4  | Reached skill level 6 in Short Blades
 40940 | Snake:4  | Reached XP level 19. HP: 107/107 MP: 26/43
 40965 | Snake:4  | Reached skill level 11 in Ice Magic
 41086 | Snake:4  | You pick up a book of Spatial Translocations and begin
                  | reading...
 41086 | Snake:4  | You add the spells Blink, Momentum Strike and Lesser
                  | Beckoning to your library.
 41179 | Snake:4  | Reached skill level 15 in Conjurations
 41381 | Snake:4  | Got a serpentine rune of Zot
 41541 | Snake:4  | magus.rc [v1.9.6]
 41704 | Shoals:1 | Entered Level 1 of the Shoals
 41753 | Shoals:1 | Reached skill level 9 in Dodging
 41803 | Shoals:1 | HP: 23/107 [merfolk impaler/+1 trident of protection (14)]
 41805 | Shoals:1 | Reached skill level 7 in Necromancy
 42127 | Shoals:1 | Found Vione's Antique Weapon Boutique.
 42131 | Shoals:1 | Offered knowledge of Yara's Violent Unravelling by Vehumet.
 42485 | Shoals:2 | HP: 23/107 [merfolk impaler/+0 trident (7)]
 42768 | Shoals:2 | You pick up a book of Armaments and begin reading...
 42932 | Shoals:2 | Reached skill level 10 in Air Magic
 42937 | Shoals:2 | Found Zayloro's Weapon Shoppe.
 42970 | Shoals:2 | Identified the +2 ring mail of the Lotus Blossom {rElec
                  | rC+++ rCorr Int-4}
 43123 | Shoals:2 | Found Viluihatz's Distillery.
 43130 | Shoals:2 | Found Ossoiron's Magic Scroll Boutique.
 43148 | Shoals:2 | Bought a potion of magic for 104 gold pieces
 43175 | Shoals:2 | Found Nixzy's Book Shop.
 44018 | Shoals:3 | Reached skill level 19 in Spellcasting
 44247 | Shoals:3 | HP: 26/107 [merfolk javelineer/silver javelin (17)]
 44757 | Shoals:3 | You pick up a book of Hexes and begin reading...
 44981 | Shoals:4 | Entered Level 4 of the Shoals
 45003 | Shoals:4 | Reached skill level 10 in Fire Magic
 45012 | Shoals:4 | Offered knowledge of Spellforged Servitor by Vehumet.
 45117 | Shoals:4 | Reached skill level 7 in Short Blades
 45740 | Shoals:4 | HP: 23/107 [merfolk javelineer/silver javelin (5)]
 45760 | Shoals:4 | Reached skill level 8 in Necromancy
 45836 | Shoals:4 | Reached skill level 10 in Dodging
 46013 | Shoals:4 | Identified the ring of Racoamn {rPois rC+ Slay+4 Stlth+}
 46162 | Shoals:4 | Got a barnacled rune of Zot
 46294 | Shoals:4 | HP: 25/107 [merfolk/+0 trident[a merfolk aquamancer] (9)]
 46302 | Shoals:4 | Reached skill level 15 in Earth Magic
 46440 | Shoals:4 | Identified the +8 spear of Roriypsabre {freeze, Str+4}
 46953 | Vaults:1 | Identified the "Ugareobi"
 46953 | Vaults:5 | Identified the "Seunengetu"
 46953 | Vaults:5 | Identified the of Juruotra
 46953 | Vaults:5 | Identified the of Licwaggum
 46953 | Depths:2 | Identified the "Nyjao"
 46953 | Depths:4 | Identified the "Uwaetwav"
 46953 | Elf:1    | Entered Level 1 of the Elven Halls
 47534 | Elf:1    | Reached XP level 20. HP: 92/112 MP: 3/45
 47601 | Elf:1    | Learned a level 7 spell: Orb of Destruction
 47663 | Elf:1    | HP: 14/112 [deep elf zephyrmancer/bolt of lightning (16)]
 47664 | Elf:1    | Shot with an arrow by a deep elf archer

Vanquished Creatures
  Mara (Snake:4)
  Vashnia (Snake:3)
  2 krakens
  Gastronok (Lair:3)
  4 nagarajas
  A frost giant (D:15)
  A very ugly thing (IceCv)
  A deep elf demonologist (Elf:1)
  6 merfolk impalers
  4 merfolk javelineers
  Snorg (D:14)
  7 hydras
  7 salamander tyrants
  10 anacondas
  3 demonspawn (Orc:2)
  A death knight (D:14)
  5 boulder beetles
  3 catoblepae
  Erica (Orc:1)
  2 dancing weapons (Elf:1)
  The ghost of Sundig the Blocker, a novice MiFi (D:8)
  2 alligator snapping turtles
  7 merfolk aquamancers
  4 two-headed ogres
  3 satyrs
  4 death yaks (Lair:2)
  8 centaur warriors
  6 tengu warriors
  8 naga warriors
  8 shock serpents
  7 orc high priests (Orc:2)
  Urug (D:13)
  2 sun demons
  A deep elf knight (Elf:1)
  8 naga sharpshooters
  Nergalle (Orc:1)
  A soul eater (Orc:2)
  5 skysharks
  4 salamander mystics
  8 sea snakes
  A flayed ghost (D:13)
  8 naga ritualists
  An orange crystal statue (IceCv)
  4 spriggan simulacra (IceCv)
  An obsidian statue (IceCv)
  An arcanist (Lair:5)
  A deep elf archer (Elf:1)
  7 harpies
  9 deep elf pyromancers
  15 ugly things
  5 orc knights (Orc:2)
  7 orc sorcerers
  5 mana vipers
  3 deep elf zephyrmancers (Elf:1)
  16 salamanders
  2 cyclopes
  27 fauns
  9 manticores
  15 elephants
  42 black mambas
  5 merfolk sirens
  11 naga magi
  A guardian serpent (Snake:2)
  6 water nymphs
  4 orange demons
  A gargoyle (D:12)
  17 cane toads
  A torpor snail (Lair:1)
  9 komodo dragons
  2 unseen horrors
  6 freezing wraiths
  6 rime drakes
  3 tengu conjurers (D:13)
  2 efreet
  A kobold demonologist (D:7)
  2 anaconda simulacra
  3 ice devils
  2 red devils
  A hellwing (Lair:5)
  8 trolls
  37 merfolk
  6 wind drakes
  A wind drake (shapeshifter) (D:13)
  2 polar bears (Lair:4)
  7 blink frogs (Lair:4)
  A hornet (D:8)
  An alligator simulacrum (Snake:3)
  8 dream sheep
  10 snapping turtles
  An air elemental (Elf:1)
  12 slime creatures
  A vampire (D:13)
  6 dire elephant simulacra
  12 water elementals
  6 wraiths
  5 wyverns
  A centaur simulacrum (D:15)
  15 humans (D:13)
  59 yaks
  A steam dragon (Lair:2)
  8 basilisks
  3 minotaur simulacra (IceCv)
  Edmund (D:6)
  2 wargs (Orc:2)
  A harpy simulacrum (IceCv)
  40 nagas
  2 acid dragons
  19 water moccasins
  4 hell hounds (Lair:5)
  2 ice beasts
  An ettin simulacrum (IceCv)
  37 orc warriors
  2 black bears
  10 ogres
  3 centaurs
  2 phantoms
  8 wolves
  7 kobold brigands
  5 gnoll sergeants
  12 bullfrogs
  5 scorpions
  8 deep troll simulacra
  12 wights
  A lindwurm simulacrum (IceCv)
  20 killer bees
  An electric eel (D:11)
  3 howler monkeys
  6 hounds
  29 orc priests
  A gnoll bouda (D:8)
  3 iguanas
  17 orc wizards
  28 gnolls
  7 adders
  5 shadow imps (D:7)
  A white imp (D:8)
  2 ufetubi (D:6)
  5 worms
  6 dart slugs
  86 orcs
  4 bats
  2 bat zombies (D:6)
  4 endoplasms
  5 giant cockroaches
  3 goblins
  7 hobgoblins
  24 kobolds
  4 ball pythons
  2 frilled lizards
  A rat (D:1)
  2 rat zombies (D:6)
  A boulder (Snake:2)
  A butterfly (Lair:4)
  2 tentacles (Shoals:3)
1090 creatures vanquished.

Vanquished Creatures (collateral kills)
  A yak (Lair:2)
  A kobold brigand (D:8)
  50 boulders
52 creatures vanquished.

Vanquished Creatures (others)
  A human (D:13)
  57 boulders
  10 tentacles
68 creatures vanquished.

Grand Total: 1210 creatures vanquished

Table legend:
 A = Non-vault XP
 B = Vault XP
 C = Vault XP percentage of total XP
 D = Non-vault monster count
 E = Vault monster count
 F = Vault count percentage of total count
                 A         B        C        D         E       F
            +---------+---------+-------+---------+---------+-------
      Total |  223266 |  118437 |  34.7 |     747 |     342 |  31.4
            +---------+---------+-------+---------+---------+-------
        D:1 |      32 |       5 |  13.5 |      16 |       3 |  15.8
        D:2 |      80 |       0 |   0.0 |      15 |       0 |   0.0
        D:3 |      42 |       0 |   0.0 |      12 |       0 |   0.0
        D:4 |     403 |      90 |  18.3 |      26 |       4 |  13.3
        D:5 |     692 |       0 |   0.0 |      18 |       0 |   0.0
        D:6 |     972 |     172 |  15.0 |      23 |       5 |  17.9
        D:7 |     807 |     473 |  37.0 |      14 |       8 |  36.4
        D:8 |    1275 |    2171 |  63.0 |      22 |      25 |  53.2
        D:9 |    1513 |       0 |   0.0 |      25 |       0 |   0.0
       D:10 |    2001 |    1803 |  47.4 |      20 |      11 |  35.5
       D:11 |    3846 |    3013 |  43.9 |      15 |      20 |  57.1
       D:12 |    5361 |       0 |   0.0 |      16 |       0 |   0.0
       D:13 |    7482 |    8506 |  53.2 |      16 |      24 |  60.0
       D:14 |   13854 |     920 |   6.2 |      25 |       1 |   3.8
       D:15 |    9752 |    2875 |  22.8 |      20 |       3 |  13.0
     Lair:1 |    6282 |       0 |   0.0 |      22 |       0 |   0.0
     Lair:2 |    7499 |       0 |   0.0 |      27 |       0 |   0.0
     Lair:3 |    3986 |    3239 |  44.8 |      18 |       8 |  30.8
     Lair:4 |   10110 |    1196 |  10.6 |      30 |       2 |   6.2
     Lair:5 |   12494 |    9584 |  43.4 |      38 |      26 |  40.6
   Shoals:1 |   16069 |       0 |   0.0 |      30 |       0 |   0.0
   Shoals:2 |   13470 |       0 |   0.0 |      30 |       0 |   0.0
   Shoals:3 |   14989 |    2305 |  13.3 |      34 |       2 |   5.6
   Shoals:4 |   13424 |   15495 |  53.6 |      32 |      26 |  44.8
    Snake:1 |    8178 |    1635 |  16.7 |      17 |       2 |  10.5
    Snake:2 |   11060 |       0 |   0.0 |      21 |       0 |   0.0
    Snake:3 |   23680 |    8189 |  25.7 |      49 |      14 |  22.2
    Snake:4 |   19714 |   24869 |  55.8 |      39 |      37 |  48.7
      Orc:1 |    2650 |    1606 |  37.7 |      32 |       2 |   5.9
      Orc:2 |    3275 |   18336 |  84.8 |      28 |      68 |  70.8
      Elf:1 |    8274 |    1815 |  18.0 |      17 |       3 |  15.0
     Bailey |       0 |    1362 | 100.0 |       0 |      22 | 100.0
      IceCv |       0 |    8778 | 100.0 |       0 |      26 | 100.0
            +---------+---------+-------+---------+---------+-------

Skill      XL: |  1  2  3  4  5  6  7  8  9 10 11 12 13 14 15 16 17 18 19 |
---------------+----------------------------------------------------------+-----
Spellcasting   | 4 6 8 10 12 13 14 15 16 17 18 19 | 19.3
Earth Magic    | 4 5 6 7 8 10 11 12 13 14 15 | 15.0
Conjurations   | 1 2 3 4 5 7 9 10 11 12 13 14 15 | 15.6
Ice Magic      | 4 5 7 8 9 10 11 | 11.9
Air Magic      | 3 5 6 7 8 9 10 | 10.5
Stealth        | 3 5 7 |  7.4
Fighting       | 3 4 5 7 8 |  8.0
Dodging        | 5 6 7 8 10 | 10.2
Fire Magic     | 3 5 6 8 9 10 | 10.4
Short Blades   | 4 6 7 |  7.5
Shields        | 2 4 5 |  5.7
Necromancy     | 3 4 6 8 |  8.4
Armour         | 2 |  2.6
Evocations     | 1 4 |  4.0
Transmutations | |  1.1

Action                     |  1- 3 |  4- 6 |  7- 9 | 10-12 | 13-15 | 16-18 | 19-21 || total
---------------------------+-------+-------+-------+-------+-------+-------+-------++-------
  Melee: Hand axe          |       |     1 |       |       |       |       |       ||     1
         Short sword       |       |       |     4 |     8 |    38 |     9 |    12 ||    71
         Punch             |       |       |       |       |     1 |       |       ||     1
         Rapier            |       |       |       |       |       |       |    13 ||    13
  Throw: Dart              |       |       |       |       |     1 |       |     1 ||     2
         Boomerang         |       |       |       |       |       |     1 |     2 ||     3
   Cast: Sandblast         |    43 |    64 |   100 |    29 |    16 |     5 |     8 ||   265
         Stone Arrow       |       |    11 |    79 |   149 |   194 |   171 |   206 ||   810
         Brom's Barrelling |       |       |     4 |    94 |    79 |    23 |       ||   200
         Freezing Cloud    |       |       |       |    20 |    79 |    14 |    23 ||   136
         Arcjolt           |       |       |       |    22 |    60 |    11 |     1 ||    94
         Hailstorm         |       |       |       |       |     8 |       |    11 ||    19
         Plasma Beam       |       |       |       |       |    45 |    60 |   111 ||   216
         Lee's Rapid Decon |       |       |       |       |   133 |   106 |    24 ||   263
         Petrify           |       |       |       |       |     1 |       |       ||     1
         Iskenderun's Batt |       |       |       |       |       |    38 |    51 ||    89
         Bombard           |       |       |       |       |       |    14 |    22 ||    36
         Ozocubu's Armour  |       |       |       |       |       |     3 |     1 ||     4
  Evoke: Wand              |       |       |     8 |     6 |    25 |    21 |    16 ||    76
         Sack of spiders   |       |       |       |       |     2 |       |     1 ||     3
         Phantom mirror    |       |       |       |       |       |     1 |       ||     1
    Use: Scroll            |       |     9 |     9 |     8 |    12 |     9 |     5 ||    52
         Potion            |       |       |       |       |    10 |     5 |     4 ||    19
   Stab: Sleeping          |       |     1 |       |     2 |     4 |     4 |     1 ||    12
         Petrified         |       |       |       |       |     4 |       |       ||     4
 Armour: Robe              |     8 |     8 |    31 |    99 |   132 |       |       ||   278
         Leather armour    |       |       |       |       |    39 |    86 |   194 ||   319
  Dodge: Dodged            |     8 |    21 |    69 |    88 |   127 |    64 |   168 ||   545
         Repelled          |       |       |     1 |     2 |     5 |     7 |    12 ||    27
  Block: Buckler           |       |       |       |       |     2 |    17 |    50 ||    69

Illustrated notes

Table legend:
 A = Kills in this place as a percentage of kills in the entire game.
 B = Kills by you in this place as a percentage of kills by you in the entire game.
 C = Kills by friends in this place as a percentage of kills by friends in the entire game.
 D = Other kills in this place as a percentage of other kills in the entire game.
 E = Experience gained in this place as a percentage of experience gained in the entire game.
 F = Experience gained in this place divided by the number of levels of this place that you have seen.
                   A       B       C       D       E      F
               +-------+-------+-------+-------+-------+----------------------
         Total | 100.0 | 100.0 | 100.0 | 100.0 | 100.0 | 10050.1
       Dungeon |  35.5 |  35.5 |  50.0 | 100.0 |  19.9 | 4542.7
          Lair |  15.7 |  15.7 |  50.0 |   0.0 |  15.9 | 10878.0
        Shoals |  14.1 |  14.2 |   0.0 |   0.0 |  22.2 | 18938.0
     Snake Pit |  16.4 |  16.5 |   0.0 |   0.0 |  28.5 | 24331.2
  Orcish Mines |  11.9 |  12.0 |   0.0 |   0.0 |   7.6 | 12933.5
   Elven Halls |   1.8 |   1.8 |   0.0 |   0.0 |   3.0 | 10089.0
        Bailey |   2.0 |   2.0 |   0.0 |   0.0 |   0.4 | 1362.0
      Ice Cave |   2.4 |   2.4 |   0.0 |   0.0 |   2.6 | 8778.0
               +-------+-------+-------+-------+-------+----------------------

Table legend: (Time is in decaauts)
 A = Elapsed time spent in this place.
 B = Non-inter-level travel time spent in this place.
 C = Inter-level travel time spent in this place.
 D = Time resting spent in this place.
 E = Time spent auto-exploring this place.
 F = Levels seen in this place.
 G = Mean time per level.
                   A        B        C        D        E       F      G
               +--------+--------+--------+--------+--------+-----+--------+
         Total |  48166 |  44786 |   3380 |  17305 |  16932 |  34 | 1416.6 |
       Dungeon |  19620 |  17976 |   1644 |   6562 |   7837 |  15 | 1308.0 |
        Temple |     13 |     13 |      0 |      0 |      0 |   1 |   13.0 |
          Lair |  10601 |  10002 |    599 |   4353 |   3868 |   5 | 2120.2 |
        Shoals |   5345 |   5099 |    246 |   1940 |   1752 |   4 | 1336.2 |
     Snake Pit |   7716 |   7200 |    516 |   2690 |   2061 |   4 | 1929.0 |
  Orcish Mines |   2801 |   2429 |    372 |    659 |   1070 |   2 | 1400.5 |
   Elven Halls |    712 |    712 |      0 |    249 |    323 |   1 |  712.0 |
        Bailey |    646 |    646 |      0 |    337 |     20 |   1 |  646.0 |
      Ice Cave |    709 |    709 |      0 |    514 |      0 |   1 |  709.0 |
               +--------+--------+--------+--------+--------+-----+--------+

Top non-repeatable levels by time:
 Snake:3: 2636 daAuts
  Lair:4: 2508 daAuts
  Lair:5: 2503 daAuts
    D:14: 2134 daAuts
 Snake:4: 1990 daAuts
  Lair:2: 1946 daAuts
 Snake:1: 1863 daAuts
  Lair:1: 1860 daAuts
  Lair:3: 1782 daAuts
    D:10: 1659 daAuts
   Orc:2: 1622 daAuts
     D:8: 1621 daAuts
     D:5: 1613 daAuts
Shoals:3: 1546 daAuts
Shoals:2: 1483 daAuts
